AoeStats
← YNWA27

Arena

507690923Analyzed
1v1 RM · 11d ago on Sep 19, 2026· 36m 0s· 2 players
Game mode
Random Map
Map size
Tiny (2 player)
Population
200
Speed
Normal
Resources
Standard
Victory
Conquest
Starting age
Dark Age
Ending age
Imperial Age
RankedLock teamsTeams togetherTeam positionsShared explorationLock speedFull tech treeHidden civsTurbo modeCheats
Victory
Defeat
🇲🇽 Bohemians · Mexico
1329
+14
🇩🇪 Bohemians · Germany
1286
-14
YNWA27
8:43 Loom
10:32 Feudal Age
14:32 Castle Age
12:44 Double-Bit Axe
13:25 Horse Collar
22:27 Wheelbarrow
22:10 Fervor
22:21 Sanctity
23:11 Town Watch
24:26 Bow Saw
25:08 Hand Cart
24:39 Loom
24:55 Town Patrol
30:06 Imperial Age
29:00 Chemistry
32:53 Redemption
35:24 Illumination
Ziggy
10:24 Feudal Age
14:31 Castle Age
13:29 Double-Bit Axe
13:24 Horse Collar
15:26 Bow Saw
19:27 Fervor
22:13 Loom
23:03 Wheelbarrow
22:13 Town Watch
24:27 Sanctity
27:04 Imperial Age
25:21 Fletching
25:31 Padded Archer Armor
26:47 Chemistry
26:55 Bodkin Arrow
27:15 Leather Archer Armor
28:05 Bracer
28:36 Hand Cart
28:22 Town Patrol
28:59 Conscription
29:21 Ring Archer Armor
28:52 Elite Skirmisher
30:20 Scale Mail Armor
30:30 Forging
32:56 Chain Mail Armor
33:17 Iron Casting
34:03 Ballistics
34:10 Masonry
Connection lost

Rejoining the realm…

Still unreachable

The connection could not be restored.

Session expired

The server has moved on; the page needs a fresh start.